 Dungeon Crawl Stone Soup version 0.30-a0-782-ge64f9170bb (webtiles) character file.

Game seed: 1566479660470307449

1976 sanka the Skirmisher (level 8, -1/64 (67) HPs)
             Began as a Demigod Hunter on Feb 19, 2023.
             Killed from afar by Duvessa (2 damage)
             ... with a puff of flame
             ... on level 6 of the Dungeon.
             The game lasted 00:08:05 (5650 turns).

sanka the Skirmisher (Demigod Hunter)               Turns: 5650, Time: 00:08:05

HP:   -1/64 (67)    AC:  4    Str: 12    XL:     8   Next: 69%
MP:   10/10         EV: 14    Int: 11    God:
Gold: 70            SH:  0    Dex: 25    Spells: 7/7 levels left

rFire   + . .      SeeInvis .    a - +0 shortbow (freeze)
rCold   . . .      Faith    .    (shield currently unavailable)
rNeg    + . .      Spirit   .    c - +0 leather armour
rPois   +          Reflect  .    (helmet restricted)
rElec   +          Harm     .    (no cloak)
rCorr   +          Rampage  .    (no gloves)
Will    .....                    d - +0 pair of boots
Stlth   ++                       (no amulet)
HPRegen 0.30/turn                o - ring of positive energy
MPRegen 0.12/turn                j - ring of flight

@: mighty, resistant, flying, lightly drained
A: high MP 1, forlorn, divine attributes, beak, cold vulnerability 1
a: no special abilities


You were on level 6 of the Dungeon.
You visited 1 branch of the dungeon, and saw 6 of its levels.

You collected 170 gold pieces.
You spent 100 gold pieces at shops.


Innate Abilities, Weirdness & Mutations

You have an increased reservoir of magic. (+10% MP)
You shall have no god before yourself.
Your divine heritage dramatically boosts your attributes as you level up.
You have a beak for a mouth.
You are vulnerable to cold. (rC-)


   Skills:
 + Level 4.6 Fighting
 - Level 10.0 Ranged Weapons
 + Level 3.8 Dodging
 - Level 0.8 Stealth


You had 7 spell levels left.
You didn't know any spells.
Your spell library contained the following spells:

 Spells                   Type           Power      Damage    Failure   Level
 Magic Dart               Conj           0%         1d3       41%         1
 Call Imp                 Summ           0%         N/A       56%         2
 Mephitic Cloud           Conj/Pois/Air  0%         N/A       80%         3

Inventory:

Hand Weapons
 a - a +0 shortbow of freezing (weapon)
Armour
 c - a +0 leather armour (worn)
 d - a +0 pair of boots (worn)
 g - a +0 helmet
Jewellery
 j - a ring of flight (right hand)
 o - a ring of positive energy (left hand)
Wands
 i - a wand of acid (8)
 s - a wand of flame (13)
 t - a wand of mindburst (19)
Scrolls
 b - a scroll of immolation {!r}
 e - 2 scrolls of teleportation {@r4}
 h - a scroll of blinking {unknown}
 k - 2 scrolls of magic mapping
 l - 4 scrolls of amnesia
 p - a scroll of fear
 r - a scroll of vulnerability {unknown}
 u - a scroll of enchant weapon {unknown}
Potions
 f - a potion of resistance
 m - a potion of might
 n - a potion of mutation {!q}
 q - 2 potions of degeneration {unknown}
 v - a potion of invisibility {unknown}

Dungeon Overview and Level Annotations

Branches:
Dungeon (6/15)
 Temple: D:4-7

Shops:
D:3 ?

Annotations:
D:1 2 transporters
D:6 Dowan, Duvessa

▒.......▒▒▒▒▒▒▒▒▒..
▒▒▒..<............▒
▒...............▒
▒...............▒
▒▒▒▒▒+▒▒...............▒
.........▒▒▒▒▒▒▒▒▒[......
.........▒.......▒.......
.........'.......e...£...
.........▒▒▒▒▒▒.p▒.......
.........▒...▒▒▒'▒▒▒▒▒▒▒▒
.........▒...............
.[.......▒...†...........
.........'...▒▒...▒▒...▒▒
▒▒▒......▒...▒▒...▒ ..▒
▒......▒▒..▒▒...▒ ..
▒.......▒▒▒▒▒...▒ .
▒.......▒ ▒..▒▒


You could see Duvessa (fast).


Message History

The arrow freezes Duvessa.
Duvessa is almost dead.
Duvessa hits you with a +1 short sword of draining!
* * * LOW HITPOINT WARNING * * *
You partially resist.
You feel drained. Dowan hits you with a +0 dagger!
* * * LOW HITPOINT WARNING * * *
Dowan attacks as you move away! Dowan closely misses you.
Duvessa zaps a wand.
The puff of flame hits you!
* * * LOW HITPOINT WARNING * * *
It was a potion of mutation.
You feel extremely strange.
Your mouth lengthens and hardens into a beak!
You feel vulnerable to cold.
It was a potion of might.
You feel very mighty all of a sudden.
Duvessa hits you with a +1 short sword of draining.
* * * LOW HITPOINT WARNING * * *
You partially resist.
You feel drained.
* * * LOW HITPOINT WARNING * * *
It was a potion of resistance.
You feel protected.
Duvessa zaps a wand.
The puff of flame hits you. You resist.
You die...

Action                     |  1- 3 |  4- 6 |  7- 9 || total
---------------------------+-------+-------+-------++-------
  Melee: Shortbow          |       |       |     3 ||     3
   Fire: Shortbow          |    68 |   172 |   240 ||   480
    Use: Scroll            |       |     6 |       ||     6
         Potion            |       |       |     3 ||     3
 Armour: Leather armour    |     5 |    22 |    32 ||    59
  Dodge: Dodged            |    18 |    59 |    97 ||   174

Levels and vault maps discovered:
D:1:      spicycebolla_arrival_transporter_tutorial, layout_rooms
D:2:      layout_basic, ebering_ecumenical_altar_box, uniq_jessica,
          uniq_natasha, uniq_sigmund
D:3:      layout_loops_ring, serial_shops, shop_statue, uniq_grinder
D:4:      layout_gridville, grunt_temple_overflow_gold_and_silver, tgw_fedhas,
          mainiacjoe_overflow_paths
D:5:      layout_gridville, chequers_temple_overflow_statue_of_worship,
          serial_demonic, serial_demonic_d, serial_demonic_f, serial_demonic_b,
          serial_demonic_g
D:6:      layout_gridville, kennysheep_donut, uniq_duvessa

Notes
Turn   | Place    | Note
-------+----------+-------------------------------------------
     0 | D:1      | sanka the Demigod Hunter began the quest for the Orb.
     0 | D:1      | Reached XP level 1. HP: 17/17 MP: 3/3
    74 | D:1      | Reached skill level 2 in Fighting
   145 | D:1      | Reached XP level 2. HP: 21/25 MP: 4/4
   214 | D:1      | Reached skill level 3 in Fighting
   419 | D:1      | Reached XP level 3. HP: 31/31 MP: 5/5
   549 | D:2      | Noticed Sigmund
   682 | D:2      | Noticed Natasha
   683 | D:2      | Killed Sigmund
   684 | D:2      | Reached skill level 5 in Ranged Weapons
   684 | D:2      | Reached XP level 4. HP: 11/38 MP: 6/6
   684 | D:2      | Reached XP level 5. HP: 13/45 MP: 7/7
   911 | D:2      | Killed Natasha
   915 | D:2      | Noticed Natasha
   922 | D:2      | Killed Natasha
   923 | D:2      | Reached skill level 6 in Ranged Weapons
  1002 | D:2      | Noticed Jessica
  1004 | D:2      | Killed Jessica
  1367 | D:2      | Reached XP level 6. HP: 42/51 MP: 8/8
  1706 | D:2      | Noticed Natasha
  1711 | D:2      | Killed Natasha
  2097 | D:3      | Noticed Grinder
  2101 | D:3      | Paralysed by Grinder for 4 turns
  2206 | D:3      | Killed Grinder
  2207 | D:3      | Reached skill level 7 in Ranged Weapons
  2445 | D:3      | Found Ociotasy's Magic Scroll Shop.
  3061 | D:3      | HP: 5/51 [poisoned by a gnoll]
  3406 | D:3      | Bought a scroll of identify for 20 gold pieces
  3407 | D:3      | Bought a scroll of identify for 20 gold pieces
  3407 | D:3      | Bought a scroll of identify for 20 gold pieces
  3407 | D:3      | Bought a scroll of identify for 20 gold pieces
  3407 | D:3      | Bought a scroll of identify for 20 gold pieces
  3472 | D:4      | Reached XP level 7. HP: 57/57 MP: 9/9
  3594 | D:4      | Reached skill level 8 in Ranged Weapons
  3609 | D:4      | Identified the +4 dagger "Symiax" {drain, rF+ rCorr}
  3850 | D:4      | Noticed an oklob plant
  3871 | D:4      | Killed an oklob plant
  3872 | D:4      | Reached skill level 9 in Ranged Weapons
  4049 | D:4      | Reached XP level 8. HP: 63/63 MP: 10/10
  4356 | D:5      | Entered Level 5 of the Dungeon
  4491 | D:5      | Reached skill level 10 in Ranged Weapons
  4495 | D:5      | Reached skill level 2 in Dodging
  5031 | D:5      | Reached skill level 3 in Dodging
  5257 | D:5      | Reached skill level 4 in Fighting
  5637 | D:6      | Noticed Duvessa
  5637 | D:6      | Noticed Dowan
  5647 | D:6      | HP: 6/65 [Duvessa/puff of flame (8)]
  5648 | D:6      | Gained mutation: You have a beak for a mouth. [potion of
                  | mutation]
  5648 | D:6      | Gained mutation: You are vulnerable to cold. (rC-) [potion
                  | of mutation]
  5649 | D:6      | HP: 2/65 [Duvessa/+1 short sword of draining (5)]
  5650 | D:6      | Identified 2 potions of resistance
  5650 | D:6      | Killed from afar by Duvessa

Vanquished Creatures
  An oklob plant (D:4)
  Grinder (D:3)
  Sigmund (D:2)
  An ogre (D:5)
  3 phantoms
  A necrophage (D:6)
  A scorpion (D:5)
  A quasit (D:5)
  5 hounds
  A jelly (D:5)
  2 orc priests
  Jessica (D:2)
  5 orc wizards
  Natasha (thrice) (D:2)
  5 adders
  6 gnolls
  2 shadow imps (D:5)
  3 white imps (D:5)
  3 ufetubi
  2 worms
  2 dart slugs
  30 orcs
  6 bats
  11 endoplasms
  4 giant cockroaches
  3 goblins
  6 hobgoblins
  6 jackals (D:2)
  4 kobolds
  2 quokkas
  6 ball pythons
  2 frilled lizards
  4 rats
134 creatures vanquished.

Vanquished Creatures (others)
  4 demonic plants (D:5)
  A plant (D:4)
  17 toadstools (D:4)
22 creatures vanquished.

Grand Total: 156 creatures vanquished
